 Dungeon Crawl Stone Soup version 0.31.0-11-ge490571c62 (webtiles) character file.

Game seed: 8757686628397249374

242 hikkokomori the Magician (level 5, 0/30 HPs)
             Began as a Deep Elf Alchemist on Feb 3, 2024.
             Slain by a cerulean imp
             ... wielding a +2 spear
             ... summoned by Natasha
              (4 damage)
             ... on level 3 of the Dungeon.
             The game lasted 00:04:42 (2537 turns).

hikkokomori the Magician (Deep Elf Alchemist)       Turns: 2537, Time: 00:04:42

Health: 0/30       AC:  3    Str:  5    XL:     5   Next: 81%
Magic:  7/13       EV: 12    Int: 22    God:
Gold:   168        SH:  0    Dex: 15    Spells: 5/13 levels left

rFire   . . .        p - +4 flail (protect)
rCold   . . .        (no shield)
rNeg    . . .        a - +0 robe
rPois   .            (no helmet)
rElec   .            (no cloak)
rCorr   .            q - +0 pair of gloves
SInv    .            (no boots)
Will    .....        (no amulet)
Stlth   ++           (no ring)
HPRegen 0.25/turn    (no ring)
MPRegen 0.13/turn

%: no passive effects
@: no status effects
A: no striking features
a: no special abilities


You were on level 3 of the Dungeon.
You visited 1 branch of the dungeon, and saw 3 of its levels.

You collected 168 gold pieces.

Inventory:

Hand Weapons
 k - a +0 long sword
 p - a +4 flail of protection (weapon)
Missiles
 f - 2 throwing nets
Armour
 a - a +0 robe (worn)
 q - a +0 pair of gloves (worn)
Magical Staves
 c - a staff of air
Scrolls
 d - a scroll of enchant armour {unknown}
 g - 3 scrolls of immolation {unknown}
 i - 2 scrolls of teleportation {unknown}
 m - a scroll of enchant weapon {unknown}
 o - a scroll of identify
Potions
 b - 2 potions of magic
 e - 4 potions of curing
 h - a potion of heal wounds {unknown}
 j - a potion of degeneration
 l - 2 potions of attraction
 n - a potion of ambrosia {unknown}


   Skills:
 + Level 2.0 Fighting
 - Level 2.4 Dodging
 - Level 2.4 Stealth
 + Level 4.6 Spellcasting
 + Level 3.0 Conjurations
 + Level 1.8 Air Magic
 + Level 4.3 Alchemy


You had 5 spell levels left.
You knew the following spells:

 Your Spells              Type           Power      Damage    Failure   Level
a - Sting                 Conj/Alch      84%        1d8       2%          1
b - Mephitic Cloud        Conj/Alch/Air  18%        N/A       9%          3
c - Olgreb's Toxic Radia  Alch           24%        N/A       17%         4

Your spell library contained the following spells:

 Spells                   Type           Power      Damage    Failure   Level
 Mercury Vapours          Alch/Air       36%        N/A       4%          2
 Freeze                   Ice            20%        1d4       11%         1
 Hailstorm                Conj/Ice       11%        3d6       17%         3
 Frozen Ramparts          Ice            10%        1d2       32%         3
 Sticky Flame             Fire/Alch      14%        2d5       38%         4
 Iskenderun's Battlesphe  Conj           18%        2d7       63%         5
 Bombard                  Conj/Erth      5%         9d2       100%        6
 Spellforged Servitor     Conj/Summ      5%         N/A       100%        7


Dungeon Overview and Level Annotations

Branches:
Dungeon (3/15)

Altars:

Annotations:
D:1 exclusion: downstairs
D:3 Natasha


Message History

Natasha hisses angrily.
Natasha casts a spell.
The sting hits the cerulean imp.
The cerulean imp partially resists.
The cerulean imp is lightly wounded.
Casting: Sting (safe; 2% risk of failure)
Confirm with . or Enter, or press ? or * to list all spells.
You begin to radiate toxic energy.
Natasha is poisoned.
Natasha looks even sicker.
The cerulean imp hits you from afar with a +2 spear.
Natasha mumbles some strange words.
Natasha shimmers violently.
Unknown command.
Unknown command.
Found a long sword.
Your toxic aura wanes.
The cerulean imp completely misses you.
Unknown command.
Unknown command.
You closely miss Natasha.
Natasha is heavily wounded.
Natasha closely misses you.
The cerulean imp hits you with a +2 spear.
Natasha stares at you and mumbles some strange words.
You resist with some effort.
The cerulean imp hits you with a +2 spear.
You barely miss Natasha.
Natasha is heavily wounded.
Natasha claws you! The cerulean imp misses you.
Unknown command.
Casting: Olgreb's Toxic Radiance (extremely dangerous; 17% risk of failure)
Confirm with . or Enter, or press ? or * to list all spells.
Aiming: Sting (safe; 2% risk of failure)
Press: ? - help, Shift-Dir - straight line, f - Natasha, p - cerulean imp
Aim: Natasha (heavily wounded, very poisoned, 70% to hit)
The sting hits Natasha.
Natasha looks even sicker.
Natasha is heavily wounded.
Natasha claws you!
* * * LOW HITPOINT WARNING * * *
The cerulean imp hits you with a +2 spear.
You die...

#...........#.#####.
#.......##..........
#.....#........#..##
####.....##....>...##
#........##.....#....
###.......##........†
###.#########......
##...# #...... #@...#
#...... #...h5.?....
#....## ####.##.#....
#.#..# #.# ......
#<.(.# #.# ....## #.#
....# #.# ...# #.)


You could see Natasha (very poisoned) and a cerulean imp (summoned).

Vanquished Creatures
  Sigmund (D:2)
  Terence (D:3)
  2 dart slugs
  A ribbon worm (D:2)
  5 bats
  6 endoplasms
  A giant cockroach (D:3)
  7 goblins
  3 hobgoblins
  3 kobolds
  6 quokkas
  4 ball pythons
  3 frilled lizards
  4 rats
47 creatures vanquished.

Notes
Turn   | Place    | Note
-------+----------+-------------------------------------------
     0 | D:1      | hikkokomori the Deep Elf Alchemist began the quest for the
                  | Orb.
     0 | D:1      | Reached XP level 1. HP: 10/10 MP: 6/6
   229 | D:1      | Reached XP level 2. HP: 16/16 MP: 4/8
  1089 | D:2      | Reached XP level 3. HP: 20/20 MP: 1/10
  1093 | D:2      | Learned a level 3 spell: Mephitic Cloud
  1164 | D:2      | Noticed Sigmund
  1424 | D:2      | Killed Sigmund
  1425 | D:2      | Reached skill level 1 in Fighting
  1425 | D:2      | Reached skill level 1 in Air Magic
  1425 | D:2      | Reached XP level 4. HP: 26/26 MP: 3/12
  1425 | D:2      | Reached XP level 5. HP: 30/30 MP: 3/13
  1448 | D:2      | Learned a level 4 spell: Olgreb's Toxic Radiance
  2262 | D:3      | Identified the +1 robe of Amorality {Slay+3}
  2314 | D:3      | Noticed Terence
  2327 | D:3      | Killed Terence
  2462 | D:3      | Found a faded altar of an unknown god.
  2529 | D:3      | Noticed Natasha
  2537 | D:3      | Slain by a cerulean imp

Illustrated notes

Levels and vault maps discovered:
D:1:      kilobyte_arrival_exit_the_forest, layout_basic, st_stairs_5
D:2:      layout_rooms, palyth_stone_intersect, grunt_ministairs_10,
          uniq_sigmund
D:3:      layout_basic, mainiacjoe_overflow_surrounded_room,
          basic_ecumenical_altar, minmay_pentomino_pile, uniq_natasha,
          uniq_terence, uniq_grinder

Skill      XL: |  1  2  3  4  5 |
---------------+----------------+-----
Conjurations   | 2 3 |  3.0
Fighting       | 1 2 |  2.0
Spellcasting   | 4 |  4.6
Air Magic      | 1 |  1.8
Alchemy        | 4 |  4.3
Dodging        | |  2.4
Stealth        | |  2.4

Action                     |  1- 3 |  4- 6 || total
---------------------------+-------+-------++-------
  Melee: Staff             |    13 |       ||    13
         Punch             |     1 |       ||     1
         Long sword        |     4 |     5 ||     9
         Flail             |       |     2 ||     2
   Cast: Sting             |    50 |    46 ||    96
         Mephitic Cloud    |     2 |     2 ||     4
         Olgreb's Toxic Ra |       |     1 ||     1
    Use: Scroll            |       |     3 ||     3
 Armour: Robe              |    14 |    11 ||    25
  Dodge: Dodged            |    14 |    12 ||    26
